 Dungeon Crawl Stone Soup version 0.29.1-13-g9f3cf754e1 (webtiles) character file.

Game seed: 7493771398150870677

639937 iamoutofideas the Axe Maniac (level 27, -9/245 HPs)
             Began as a Hill Orc Berserker on Dec 8, 2022.
             Was the Champion of Makhleb.
             Killed from afar by a Hell Sentinel (46 damage)
             ... with an iron shot
             ... in Pandemonium on Jan 30, 2023.
             The game lasted 02:50:08 (90653 turns).

iamoutofideas the Axe Maniac (Hill Orc Berserker)  Turns: 90653, Time: 02:50:09

Health: -9/245     AC: 55    Str: 25    XL:     27
Magic:  0/32       EV: 10    Int: 21    God:    Makhleb [******]
Gold:   466        SH: 14    Dex: 11    Spells: 25/38 levels left

rFire   + + +      SeeInvis .   N - +10 broad axe "Bucobb" {vorpal, rElec rF+++ Str-5 Dex+2}
rCold   + + .      Faith    .   b - +3 buckler {rC+ rF+}
rNeg    + + +      Spirit   +   D - +5 crystal plate armour of Gehenna {rN++ rCorr Str+2 Int-3}
rPois   .          Reflect  .   g - +2 helmet
rElec   +          Harm     .   l - +2 cloak {Will+}
rCorr   +          Rampage  .   T - +2 pair of gloves {infuse}
Will    +++++      Clarity  +   t - +2 pair of boots {Fly}
Stlth   ..........              m - amulet "Bimozurch" {Spirit rN+ Will+ Str+3}
HPRegen 0.50/turn               W - ring "Obbunarph" {rC+ rN+ Will+}
MPRegen 0.23/turn               z - ring of Fatigue {rF+ Str-2 Int+9}

@: flying, studying 2 skills
A: iridescent scales 1, clarity, clever 1, clumsy 1, frail 1
}: 5/15 runes: decaying, slimy, silver, abyssal, gossamer
a: Renounce Religion, Minor Destruction, Lesser Servant of Makhleb, Major
Destruction, Greater Servant of Makhleb


You were in Pandemonium.
You worshipped Makhleb.
Makhleb was exalted by your worship.
You visited 13 branches of the dungeon, and saw 54 of its levels.
You visited Pandemonium 1 time, and saw 1 of its levels.
You visited the Abyss 3 times.
You visited 1 bazaar.
You also visited: Trove, Sewer, Gauntlet, Ice Cave and Desolation.

You collected 10768 gold pieces.
You spent 10302 gold pieces at shops.

Inventory:

Hand Weapons
 n - a +9 vampiric broad axe
 v - a +6 vorpal broad axe
 N - the +10 broad axe "Bucobb" (weapon) {vorpal, rElec rF+++ Str-5 Dex+2}
   (You bought it in a shop on level 1 of the Vaults)

   It inflicts extra damage upon your enemies.
   Str:       It affects your strength (-5).
   Dex:       It affects your dexterity (+2).
   rF:        It renders you almost immune to fire.
   rElec:     It insulates you from electricity.
 S - a +9 antimagic broad axe
Armour
 b - a +3 buckler of resistance (worn)
 g - a +2 helmet (worn)
 l - a +2 cloak of willpower (worn)
 t - a +2 pair of boots of flying (worn)
 D - the +5 crystal plate armour of Gehenna (worn) {rN++ rCorr Str+2 Int-3}
   (You found it on level 3 of the Elven Halls)

   Str:       It affects your strength (+2).
   Int:       It affects your intelligence (-3).
   rN:        It greatly protects you from negative energy.
   rCorr:     It protects you from acid and corrosion.
 T - a +2 pair of gloves of infusion (worn)
Jewellery
 m - the amulet "Bimozurch" (around neck) {Spirit rN+ Will+ Str+3}
   (You found it in a treasure trove)

   [amulet of guardian spirit]

   It causes incoming damage to be divided between your reserves of health and
   magic.
   Str:       It affects your strength (+3).
   rN:        It protects you from negative energy.
   Will:      It increases your willpower.
 r - the ring of Wuumm {rC+ MP+9 Str+6}
   (You found it in a Gauntlet)

   [ring of magical power]

   Str:       It affects your strength (+6).
   rC:        It protects you from cold.
   MP:        It affects your magic capacity (+9).
 z - the ring of Fatigue (right hand) {rF+ Str-2 Int+9}
   (You bought it in a shop on level 5 of the Vaults)

   [ring of protection from fire]

   Str:       It affects your strength (-2).
   Int:       It affects your intelligence (+9).
   rF:        It protects you from fire.
 F - the ring "Aczirawn" {rElec rN+ MP-9 AC+4}
   (You bought it in a shop in a bazaar)

   [ring of protection]

   AC:        It affects your AC (+4).
   rElec:     It insulates you from electricity.
   rN:        It protects you from negative energy.
   MP:        It affects your magic capacity (-9).
 W - the ring "Obbunarph" (left hand) {rC+ rN+ Will+}
   (You bought it in a shop on level 14 of the Dungeon)

   [ring of willpower]

   rC:        It protects you from cold.
   rN:        It protects you from negative energy.
   Will:      It increases your willpower.
Wands
 h - a wand of polymorph (29)
 M - a wand of acid (17)
 R - a wand of digging (12)
Scrolls
 f - 16 scrolls of teleportation
 i - 5 scrolls of amnesia
 p - 10 scrolls of fear
 u - 2 scrolls of magic mapping
 y - 10 scrolls of poison
 B - 5 scrolls of summoning
 G - 9 scrolls of butterflies
 K - 9 scrolls of immolation
 L - 3 scrolls of silence
 U - 4 scrolls of blinking
Potions
 a - 3 potions of invisibility
 c - 7 potions of haste
 d - 10 potions of resistance
 e - 16 potions of curing
 j - 19 potions of lignification
 q - 7 potions of cancellation
 s - 3 potions of berserk rage
 x - 8 potions of ambrosia
 A - 11 potions of attraction
 C - 3 potions of brilliance
 E - 4 potions of heal wounds
 H - 16 potions of mutation
 O - 5 potions of might
 X - 4 potions of magic
Miscellaneous
 o - the horn of Geryon (inert)
 P - a condenser vane
 Z - a phantom mirror


   Skills:
 O Level 27 Fighting
 - Level 0.3 Long Blades
 O Level 27 Axes
 - Level 0.8 Staves
 - Level 0.6 Ranged Weapons
 + Level 1.2 Throwing
 O Level 27 Armour
 * Level 10.3 Dodging
 O Level 27 Shields
 + Level 6.0 Spellcasting
 - Level 6.9 Translocations
 + Level 0.7 Transmutations
 - Level 1.4 Earth Magic
 + Level 1.7 Invocations
 - Level 5.0 Evocations


You had 25 spell levels left.
You knew the following spells:

 Your Spells              Type           Power      Damage    Failure   Level
a - Blink                 Tloc           70%        N/A       6%          2
b - Statue Form           Tmut/Erth      6%         N/A       100%        6
c - Lee's Rapid Deconstr  Erth           6%         3d7*      100%        5

Your spell library contained the following spells:

 Spells                   Type           Power      Damage    Failure   Level
 Apportation              Tloc           70%        N/A       3%          1
 Sandblast                Erth           24%        2d8       36%         1
 Passage of Golubria      Tloc           35%        N/A       36%         4
 Beastly Appendage        Tmut           18%        N/A       45%         1
 Passwall                 Tmut/Erth      8%         N/A       54%         2
 Freeze                   Ice            24%        1d5       56%         1
 Magic Dart               Conj           24%        1d4       56%         1
 Necrotise                Necr           24%        1d5       56%         1
 Shock                    Conj/Air       24%        1d4       56%         1
 Slow                     Hex            24%        N/A       56%         1
 Wereblood                Tmut           9%         N/A       61%         2
 Call Imp                 Summ           6%         N/A       71%         2
 Ensorcelled Hibernation  Hex/Ice        12%        N/A       71%         2
 Poisonous Vapours        Pois/Air       12%        N/A       71%         2
 Scorch                   Fire           12%        2d5       71%         2
 Searing Ray              Conj           12%        2d4       71%         2
 Static Discharge         Conj/Air       6%         3-4/arc   71%         2
 Sublimation of Blood     Necr           6%         N/A       71%         2
 Manifold Assault         Tloc           35%        N/A       71%         5
 Stone Arrow              Conj/Erth      18%        3d8       83%         3
 Iskenderun's Mystic Bla  Conj/Tloc      21%        2d6       85%         4
 Spider Form              Tmut/Pois      7%         N/A       87%         3
 Ignite Poison            Fire/Tmut/Pois 7%         N/A       88%         3
 Confusing Touch          Hex            6%         N/A       90%         3
 Dazzling Flash           Conj/Hex       12%        N/A       90%         3
 Frozen Ramparts          Ice            12%        1d2       90%         3
 Mephitic Cloud           Conj/Pois/Air  6%         N/A       90%         3
 Ozocubu's Armour         Ice            6%         N/A       90%         3
 Swiftness                Air            6%         N/A       90%         3
 Vampiric Draining        Necr           6%         2d6       90%         3
 Animate Armour           Summ/Erth      18%        N/A       99%         4
 Ice Form                 Ice/Tmut       7%         N/A       99%         4
 Petrify                  Tmut/Erth      10%        N/A       99%         4
 Summon Forest            Summ/Tloc      10%        N/A       99%         5
 Airstrike                Air            3%         2d(1-17)  100%        4
 Anguish                  Hex/Necr       3%         N/A       100%        4
 Corpse Rot               Necr/Pois/Air  6%         N/A       100%        4
 Dispel Undead            Necr           6%         3d8       100%        4
 Flame Wave               Conj/Fire      6%         2d5       100%        4
 Fulminant Prism          Conj/Hex       3%         3d6       100%        4
 Hailstorm                Conj/Ice       6%         3d4       100%        4
 Sticky Flame             Conj/Fire      6%         2d3       100%        4
 Summon Lightning Spire   Summ/Air       6%         N/A       100%        4
 Agony                    Necr           6%         N/A       100%        5
 Alistair's Intoxication  Tmut/Pois      4%         N/A       100%        5
 Borgnjor's Vile Clutch   Necr/Erth      4%         N/A       100%        5
 Fireball                 Conj/Fire      3%         3d4       100%        5
 Freezing Cloud           Conj/Ice/Air   3%         6-21      100%        5
 Irradiate                Conj/Tmut      3%         3d12      100%        5
 Iskenderun's Battlesphe  Conj           6%         2d6       100%        5
 Lightning Bolt           Conj/Air       3%         1d14      100%        5
 Metabolic Englaciation   Hex/Ice        3%         N/A       100%        5
 Silence                  Hex/Air        3%         N/A       100%        5
 Summon Mana Viper        Hex/Summ       6%         N/A       100%        5
 Conjure Ball Lightning   Conj/Air       3%         3x3d6     100%        6
 Eringya's Noxious Bog    Tmut/Pois      3%         N/A       100%        6
 Iron Shot                Conj/Erth      4%         9d2       100%        6
 Simulacrum               Ice/Necr       3%         N/A       100%        6
 Starburst                Conj/Fire      3%         6d3       100%        6
 Summon Cactus Giant      Summ           3%         N/A       100%        6
 Enfeeble                 Hex            3%         N/A       100%        7
 Malign Gateway           Summ/Tloc      10%        N/A       100%        7
 Orb of Destruction       Conj           3%         9d5       100%        7
 Ozocubu's Refrigeration  Ice            3%         4d8       100%        7
 Storm Form               Tmut/Air       3%         N/A       100%        7
 Summon Hydra             Summ           3%         N/A       100%        7
 Borgnjor's Revivificati  Necr           3%         N/A       100%        8
 Lehudib's Crystal Spear  Conj/Erth      4%         10d3      100%        8
 Maxwell's Capacitive Co  Air            3%         ∞         100%        8
 Necromutation            Tmut/Necr      3%         N/A       100%        8
 Summon Horrible Things   Summ           3%         N/A       100%        8
 Chain Lightning          Conj/Air       3%         3d4       100%        9
 Death's Door             Necr           3%         N/A       100%        9
 Fire Storm               Conj/Fire      3%         8d1       100%        9
 Shatter                  Erth           6%         3d9*      100%        9


Dungeon Overview and Level Annotations

Branches:
Dungeon (15/15)            Temple (1/1) D:5            Lair (5/5) D:8
  Swamp (4/4) Lair:2       Spider (4/4) Lair:3        Slime (5/5) Lair:5
    Orc (2/2) D:10            Elf (3/3) Orc:2        Vaults (5/5) D:13
  Crypt (3/3) Vaults:2       Tomb (0/3) Crypt:3      Depths (4/4) D:15
   Hell (visited)             Dis (2/7) Hell            Geh (0/7) Hell
    Coc (0/7) Hell            Tar (0/7) Hell            Zot (0/5) Depths:4
  Sewer (visited)           IceCv (visited)         Desolation (visited)
Gauntlet (visited)

Altars:
Ashenzari
Cheibriados
Dithmenos
Elyvilon
Fedhas
Gozag
Hepliaklqana
Kikubaaqudgha
Makhleb
Nemelex Xobeh
Okawaru
Qazlal
Ru
Sif Muna
Trog
Vehumet
Wu Jian
Xom
Yredelemnul
Zin
The Shining One
Beogh
Lugonu

Shops:
D:2 *   D:3 (   D:12 (   D:14 =   Orc:2 *=[[   Elf:3 ?   Vaults:1 (:*
Vaults:2 [   Vaults:5 ???[!!!:=*!   Depths:1 :=:

Portals:
Hell: Depths:1 Depths:2 Depths:3 Depths:4
Abyss: Lair:5 Depths:3
Pandemonium: Depths:2 Depths:4
Ziggurat: Depths:1

Annotations:
Elf:1 1 runed translucent door
Elf:2 3 runed translucent doors
Elf:3 1 exclusion


Innate Abilities, Weirdness & Mutations

You are partially covered in iridescent scales. (AC +2)
You possess an exceptional clarity of mind.
Your mind is acute. (Int +4, Str/Dex -1)
You are clumsy. (Dex -2)
You are frail. (-10% HP)


Message History

The Hell Sentinel barely misses you. The Hell Sentinel hits you! x2
Unknown command.
You are too injured to fight recklessly!
You are too injured to fight recklessly!
You are too injured to fight recklessly!
You are too injured to fight recklessly!
You feel the dreadful sensation subside.
You feel weaker.
You feel agile.
N - the +10 broad axe "Bucobb" (weapon)
{vorpal, rElec rF+++ Str-5 Dex+2} Unknown command.
You are too injured to fight recklessly!
You are too injured to fight recklessly!
Unknown command.
You are too injured to fight recklessly!
Unknown command.
You completely miss the Hell Sentinel.
The Hell Sentinel is lightly wounded.
You barely miss the Hell Sentinel. You block the Hell Sentinel's attack.
The Hell Sentinel hits you! The Hell Sentinel gestures at you.
The sphere of damnation explodes!
The damnation engulfs you!!
The damnation engulfs the Hell Sentinel.
The Hell Sentinel completely resists.
The damnation engulfs the Hell Sentinel.
The Hell Sentinel completely resists.
You slice the Hell Sentinel!!
The Hell Sentinel is moderately wounded.
You slice the Hell Sentinel!!
A hellwing comes into view.
The Hell Sentinel gestures at you.
The sphere of damnation explodes!
The damnation engulfs you!!!
* * * LOW HITPOINT WARNING * * *
The damnation engulfs the Hell Sentinel.
The Hell Sentinel completely resists.
The damnation engulfs the Hell Sentinel.
The Hell Sentinel completely resists.
The Hell Sentinel gestures at you. The iron shot hits you!!!
You die...

.........#...........#
.........#..~~~~~~~).#
.........#..~#####~~.####..
.#####......~ #))....... .#
... #~~.####.. .# 4.. #~~.#
#..~#####~~.####
#..~~~~~~~~......
#.....1@.........
######1#####...... #.
...... #. ...... #. ......
.. ##. .. #.


You could see 2 Hell Sentinels and a hellwing.

Vanquished Creatures
  the Royal Jelly (Slime:5)
  7 dread liches
  5 ancient liches
  Mennas (Vaults:3)
  Mara (Vaults:4)
  2 juggernauts
  Sojobo (Crypt:2)
  Josephina (Crypt:3)
  Vv (Depths:4)
  Bai Suzhen (Vaults:3)
  Saint Roka (Depths:4)
  Xtahua (Crypt:2)
  Geryon (Hell)
  Jory (Vaults:5)
  A golden dragon (Vaults:5)
  The ghost of Esecs the Devastator, a veteran GrEE of Lugonu (Crypt:1)
  Nikola (Swamp:1)
  A profane servitor (Crypt:3)
  8 bone dragons
  the Enchantress (Depths:4)
  4 doom hounds (Hell)
  2 Tzitzimimeh (Hell)
  A Hell Sentinel (Abyss:2)
  4 tentacled monstrosities
  A walking earthen tome (Depths:4)
  Zenata (Elf:1)
  A quicksilver dragon (Vaults:5)
  A shard shrike skeleton (Crypt:1)
  2 deep elf master archers (Elf:3)
  The ghost of KittyFluff the Warrior, an adept GrBe of Trog (Vaults:1)
  3 liches
  The ghost of Jingleheimer the Warrior, an adept DsGl of Yredelemnul (Vaults:1)
  A walking frostbound tome (Depths:2)
  2 deep elf blademasters (Elf:3)
  4 titans
  3 Executioners
  5 sphinxes
  Frances (D:13)
  Kirke (Swamp:4)
  13 acid blobs
  13 ancient champions
  10 tengu reavers
  7 shadow dragons
  A thorn hunter (Abyss:4)
  2 storm dragons
  10 tentacled starspawn
  Roxanne (Spider:1)
  A draconian knight (Depths:4)
  7 azure jellies (Slime:5)
  4 revenants
  4 fenstrider witches (Swamp:4)
  5 fire giants
  9 rockslimes
  3 orc warlords
  9 frost giants
  3 iron dragons
  3 emperor scorpions
  3 cacodemons (Pan)
  Aizul (Elf:1)
  A quicksilver elemental (Dis:2)
  2 draconian scorchers
  5 balrugs
  3 deep elf sorcerers (Elf:3)
  4 ghost moths
  3 imperial myrmidons (Desolation)
  2 curse skulls (Crypt:1)
  3 deep elf elementalists
  An angel (Abyss:2)
  14 vault wardens
  Louise (Swamp:1)
  5 reapers
  A demonspawn corrupter (Pan)
  7 ghouls
  19 ironbound preservers
  5 war gargoyles
  3 demonspawn blood saints (Pan)
  A caustic shrike skeleton (Depths:1)
  12 quicksilver oozes
  27 very ugly things
  2 ophanim
  5 spriggan defenders
  2 juggernaut skeletons
  32 stone giants
  A green draconian (Depths:4)
  An eleionoma (shapeshifter) (Vaults:5)
  5 ironbound thunderhulks
  A black draconian (Depths:4)
  13 vampire knights
  3 eleionomae
  8 deep elf annihilators
  7 bunyips
  6 deep elf demonologists
  A lorocyproca (Abyss:3)
  5 entropy weavers
  3 white draconians (Depths:4)
  A minotaur (Gauntlet)
  2 halazid warlocks (Desolation)
  Azrael (Spider:1)
  3 putrid mouths (Hell)
  An entropy weaver (shapeshifter) (Vaults:5)
  A red draconian (Abyss:4)
  10 dire elephants
  6 spark wasps
  A green death (Abyss:3)
  7 blizzard demons
  5 crystal guardians
  A yellow draconian (Depths:4)
  10 fire dragons
  An iron golem (Dis:2)
  9 ragged hierophants (Desolation)
  6 deep elf death magi
  17 ettins
  Snorg (Lair:4)
  9 jiangshi
  9 yaktaur captains
  A merfolk impaler (Depths:4)
  A quicksilver dragon zombie (Crypt:1)
  7 eidola
  A kraken zombie (Hell)
  A shambling mangrove (Swamp:4)
  12 hydras
  9 boulder beetles
  3 deep elf high priests
  A fenstrider witch zombie (Crypt:1)
  5 servants of whispers (Desolation)
  5 ice dragons
  7 great orbs of eyes
  10 peacekeepers
  10 ironbound frosthearts
  An anaconda (shapeshifter) (Depths:2)
  A caustic shrike simulacrum (Abyss:4)
  A ghost crab (Swamp:4)
  Harold (Lair:2)
  9 spriggan air magi
  30 vault guards
  3 ogre magi
  A spriggan skeleton (Hell)
  A radroach (Spider:4)
  A jorogumo (Spider:1)
  8 rakshasas
  A catoblepas (shapeshifter) (Depths:2)
  13 centaur warriors
  A bennu zombie (Crypt:2)
  A satyr (Abyss:4)
  2 death knights (Crypt:1)
  10 alligators
  15 dancing weapons
  14 two-headed ogres
  7 deep troll shamans
  6 vampire magi
  3 deep troll earth magi
  4 tengu warriors
  5 death yaks
  5 orc high priests
  14 thrashing horrors
  8 soul eaters
  13 hell hogs
  6 spriggan berserkers
  36 large abominations
  11 deep elf knights
  Sonja (Lair:4)
  Urug (D:10)
  A titan zombie (Crypt:1)
  9 hell knights
  4 fire crabs (shapeshifter)
  4 sixfirhies
  4 shadow wraiths
  16 sun demons
  A bunyip zombie (Abyss:3)
  2 death drakes (Swamp:4)
  A sun moth (Spider:3)
  A fire crab (Lair:3)
  10 wretched stars
  6 goliath frogs
  An iron giant zombie (Crypt:3)
  12 iron trolls
  27 skeletal warriors
  2 shadow demons
  11 steelbarb worms
  10 pharaoh ants
  An entropy weaver zombie (Crypt:2)
  2 spatial maelstroms (Abyss:2)
  3 orb spiders
  5 bog bodies
  A golden dragon zombie (Depths:3)
  7 flayed ghosts
  3 glowing orange brains
  An obsidian statue (Depths:3)
  53 deep trolls
  A spriggan simulacrum (Crypt:3)
  8 spriggan druids
  2 orange crystal statues
  4 spectral wolf spiders (Spider:2)
  11 phantasmal warriors
  A tengu zombie (Depths:1)
  7 deep elf archers
  12 necromancers
  9 wizards
  35 ironbound convokers
  15 deep elf zephyrmancers
  3 wolf spider zombies (Spider:2)
  6 swamp dragons
  An anaconda skeleton (Hell)
  2 golden dragon skeletons
  2 bunyip skeletons
  14 lindwurms
  An oklob plant (Lair:3)
  13 wolf spiders
  11 orc knights
  5 harpies
  2 sphinx skeletons
  18 cyclopes
  23 deep elf pyromancers
  35 ugly things
  4 orc sorcerers
  4 shining eyes
  A manticore (shapeshifter) (Depths:4)
  2 will-o-the-wisps
  4 moths of wrath
  An iron dragon zombie (Depths:3)
  3 manticores
  A frost giant zombie (Depths:1)
  2 rust devils
  2 worldbinders
  A water nymph (shapeshifter) (Elf:3)
  A frost giant skeleton (Crypt:2)
  7 black mambas
  2 apocalypse crabs
  Maurice (D:8)
  5 guardian serpents
  3 molten gargoyles (Hell)
  21 smoke demons
  2 eyes of devastation
  An eye of devastation (shapeshifter) (Vaults:5)
  Joseph (D:7)
  A gargoyle (D:13)
  12 orange demons
  16 vault sentinels
  A cane toad (shapeshifter) (Elf:3)
  2 torpor snails (Spider:4)
  2 centaur skeletons
  5 unseen horrors
  4 rime drakes
  14 cane toads
  Maggie (D:8)
  A naga skeleton (Crypt:1)
  13 demonic crawlers
  A rime drake (shapeshifter) (Abyss:1)
  7 komodo dragons
  A shock serpent skeleton (Crypt:2)
  A dire elephant skeleton (Crypt:1)
  27 yaktaurs
  5 kobold demonologists
  A hellion (Hell)
  A sea snake zombie (Hell)
  4 tengu conjurers
  4 freezing wraiths
  A yellow draconian skeleton (Crypt:3)
  3 bunyip simulacra (Crypt:3)
  5 efreet
  3 ice devils
  6 tormentors (Hell)
  A white draconian skeleton (Crypt:2)
  12 hellwings
  A yaktaur skeleton (Vaults:2)
  A harpy zombie (Hell)
  The ghost of kingsuperguy the Covered, an amateur MiFi (D:6)
  3 sea snake skeletons (Hell)
  A golden dragon simulacrum (IceCv)
  A troll (shapeshifter) (Vaults:3)
  8 trolls
  6 meliai
  A merfolk (shapeshifter) (Vaults:5)
  3 red devils (Hell)
  A slime creature (shapeshifter) (Depths:3)
  12 ancient zymes
  17 polar bears
  49 saltlings (Desolation)
  13 tarantellas
  15 hornets
  A blink frog (shapeshifter) (Lair:5)
  11 tyrant leeches
  22 blink frogs
  4 wolf spider simulacra (Spider:2)
  3 hydra skeletons
  28 raiju
  48 slime creatures
  A human skeleton (Vaults:2)
  Sigmund (D:2)
  12 culicivoras
  30 starcursed masses
  An alligator skeleton (Hell)
  A stone giant simulacrum (Crypt:1)
  A centaur simulacrum (Crypt:3)
  A boulder beetle zombie (Crypt:3)
  16 jumping spiders
  2 flying skulls (Abyss:2)
  6 wyverns
  5 wraiths
  10 ynoxinuls
  6 shadows
  A yak (shapeshifter) (Lair:5)
  19 spriggans
  7 water elementals
  7 vampires
  5 air elementals
  6 basilisks
  Grum (D:11)
  2 humans (D:13)
  A dire elephant simulacrum (Crypt:3)
  6 fire elementals
  4 hogs (Swamp:4)
  Eustachio (D:5)
  A fire bat (shapeshifter) (D:15)
  5 golden eyes (Abyss:2)
  40 yaks
  20 redbacks
  12 neqoxecs
  19 chaos spawn
  An elf skeleton (Vaults:2)
  8 vampire mosquitoes
  4 harpy simulacra
  A spatial vortex (Abyss:2)
  14 swamp worms
  3 wargs
  A hydra simulacrum (IceCv)
  An ogre skeleton (Vaults:2)
  12 water moccasins
  5 acid dragons
  6 hell hounds
  A floating eye (Depths:2)
  An ice beast (shapeshifter) (Lair:5)
  4 swamp drakes
  19 black bears
  A black bear (shapeshifter) (Elf:1)
  4 sky beasts
  36 orc warriors
  An alligator simulacrum (IceCv)
  2 ice beasts
  A hornet zombie (D:7)
  34 ogres
  18 wolves
  A boggart (Vaults:3)
  A centaur (shapeshifter) (Vaults:5)
  14 centaurs
  A phantom (D:5)
  4 kobold brigands
  A salamander zombie (Crypt:3)
  8 bullfrogs
  A rime drake skeleton (Crypt:3)
  A gnoll sergeant (D:12)
  Blork the orc (D:5)
  9 necrophages
  5 scorpions
  3 earth elementals
  21 wights
  36 small abominations
  A lindwurm simulacrum (IceCv)
  9 killer bees (D:9)
  A troll skeleton (Crypt:1)
  2 howler monkeys
  4 electric eels
  A crimson imp (D:8)
  10 centaur zombies
  A quasit (Abyss:2)
  25 orc priests
  3 gnoll boudas
  A hound (D:7)
  4 jellies
  2 human zombies
  A black bear skeleton (Crypt:1)
  2 iron imps
  Crazy Yiuf (D:2)
  Ijyb (D:5)
  3 iguanas
  6 hell rats (Hell)
  28 orc wizards
  A killer bee zombie (D:7)
  A tengu skeleton (Crypt:1)
  A hound skeleton (Crypt:2)
  A mummy (D:7)
  A howler monkey zombie (D:7)
  9 adders
  20 gnolls
  A steam dragon zombie (Crypt:1)
  2 shadow imps
  5 white imps
  An ufetubus (Abyss:2)
  4 worms
  3 dart slugs
  79 orcs
  A bat zombie (Crypt:3)
  6 endoplasms
  4 giant cockroaches
  5 goblins
  A hobgoblin (D:4)
  7 jackals
  5 quokkas
  10 ball pythons
  3 bats
  4 frilled lizards
  A frilled lizard skeleton (Crypt:2)
  A frilled lizard zombie (Crypt:3)
  10 kobolds
  A kobold skeleton (Crypt:3)
  2 rats (D:1)
  10 briar patches
  A lurking horror (Abyss:4)
  9 starspawn tentacles
  3 tentacles (Hell)
2575 creatures vanquished.

Vanquished Creatures (collateral kills)
  A very ugly thing (IceCv)
  A deep elf demonologist (Elf:3)
  A deep elf high priest (Elf:3)
  A deep elf zephyrmancer (Elf:3)
  2 necromancers (Depths:2)
  A freezing wraith (IceCv)
  A dire elephant simulacrum (IceCv)
  A lindwurm simulacrum (IceCv)
9 creatures vanquished.

Vanquished Creatures (others)
  A deep elf elementalist (Elf:3)
  A vampire knight (Crypt:1)
  A rakshasa (Abyss:4)
  An ogre mage (Swamp:4)
  An alligator (Swamp:1)
  A deep elf knight (Elf:2)
  An orb spider (Spider:1)
  An ironbound convoker (Desolation)
  A wizard (Vaults:4)
  A rime drake (Lair:1)
  3 bloated husks (Swamp:3)
  3 water elementals (Abyss:4)
  A centaur simulacrum (Abyss:3)
  A chaos spawn (Swamp:4)
  2 briar patches (Lair:4)
  6 demonic plants (Abyss:4)
  7 foxfires (Swamp:4)
  46 fungi
  5 lurking horrors
  46 plants
  25 starspawn tentacles
  3 tentacles (Hell)
  10 toadstools (Lair:1)
  4 withered plants (D:15)
172 creatures vanquished.

Grand Total: 2756 creatures vanquished

Notes
Turn   | Place    | Note
-------+----------+-------------------------------------------
     0 | D:1      | iamoutofideas the Hill Orc Berserker began the quest for
                  | the Orb.
     0 | D:1      | Reached XP level 1. HP: 19/19 MP: 1/1
   256 | D:1      | Reached XP level 2. HP: 21/27 MP: 2/2
   493 | D:1      | Reached skill level 5 in Axes
  1117 | D:2      | Reached XP level 3. HP: 33/33 MP: 3/3
  1117 | D:2      | Found a faded altar of an unknown god.
  1353 | D:2      | Noticed Sigmund
  1355 | D:2      | Found Zusaclos's Assorted Antiques.
  1361 | D:2      | Killed Sigmund
  1362 | D:2      | Reached XP level 4. HP: 40/40 MP: 4/4
  1362 | D:2      | Reached XP level 5. HP: 46/46 MP: 5/5
  1798 | D:2      | Reached XP level 6. HP: 52/52 MP: 6/6
  1836 | D:2      | Found a runed translucent door.
  1837 | D:2      | Noticed Crazy Yiuf
  1847 | D:2      | Killed Crazy Yiuf
  2107 | D:3      | Reached ** piety under Trog
  2182 | D:3      | Found a hazy altar of Hepliaklqana.
  2248 | D:3      | Found Itrufin's Antique Weapon Boutique.
  2370 | D:3      | Found a glowing drain.
  2413 | Sewer    | Entered a sewer
  2502 | Sewer    | Noticed a water moccasin
  2512 | Sewer    | Killed a water moccasin
  3030 | D:4      | Reached XP level 7. HP: 58/58 MP: 7/7
  3051 | D:4      | Reached skill level 10 in Axes
  4275 | D:4      | Found an ornate altar of the Wu Jian Council.
  4375 | D:4      | Found a sparkling altar of Nemelex Xobeh.
  4483 | D:5      | Entered Level 5 of the Dungeon
  4483 | D:5      | Noticed Eustachio
  4505 | D:5      | Reached XP level 8. HP: 66/66 MP: 8/8
  4539 | D:5      | Killed Eustachio
  4659 | D:5      | Identified the +1 spear of Duty {spect, rPois}
  4850 | D:5      | Noticed Ijyb
  4872 | D:5      | Killed Ijyb
  4964 | D:5      | Noticed Blork the orc
  4973 | D:5      | Killed Blork the orc
  5083 | D:5      | Identified the +11 war axe of the King {freeze, +Blink
                  | rPois rC+ Dex+4}
  5224 | D:5      | Found a blossoming altar of Fedhas.
  5243 | D:5      | Found a broken altar of Ashenzari.
  5356 | D:5      | Found a staircase to the Ecumenical Temple.
  5556 | Temple   | Entered the Ecumenical Temple
  5623 | D:6      | Reached XP level 9. HP: 72/72 MP: 9/9
  5700 | D:6      | Reached skill level 5 in Fighting
  5723 | D:6      | Reached skill level 15 in Axes
  5898 | D:6      | Reached *** piety under Trog
  6099 | D:6      | Found a runed translucent gate.
  6100 | D:6      | Found a runed translucent gate.
  6100 | D:6      | Found a runed translucent gate.
  6103 | D:6      | Noticed kingsuperguy's ghost (amateur MiFi)
  6444 | D:6      | Killed kingsuperguy's ghost
  6688 | D:7      | Noticed Joseph
  6697 | D:7      | Killed Joseph
  6698 | D:7      | Reached XP level 10. HP: 83/83 MP: 10/10
  7018 | D:7      | Found a basalt altar of Yredelemnul.
  7146 | D:7      | Found a radiant altar of Vehumet.
  7487 | D:7      | Identified the +11 falchion of Vengeance {vamp, rN+++ MP+9
                  | Str-5 Int-4}
  7576 | D:8      | Found a shimmering blue altar of Sif Muna.
  7577 | D:8      | Noticed Maggie
  7578 | D:8      | Found an iron altar of Okawaru.
  7584 | D:8      | Killed Maggie
  7585 | D:8      | Reached skill level 1 in Evocations
  7646 | D:8      | Reached **** piety under Trog
  7650 | D:8      | Reached skill level 5 in Armour
  7690 | D:8      | Noticed Maurice
  7696 | D:8      | Killed Maurice
  7710 | D:8      | Found a staircase to the Lair.
  7773 | D:8      | Found a burning altar of Makhleb.
  7773 | D:8      | Found a shimmering altar of Xom.
  7865 | D:8      | Found a white marble altar of Elyvilon.
  7923 | D:8      | Noticed a two-headed ogre
  7930 | D:8      | Killed a two-headed ogre
  8381 | Lair:1   | Entered Level 1 of the Lair of Beasts
  8555 | D:9      | Noticed a two-headed ogre
  8561 | D:9      | Killed a two-headed ogre
  8562 | D:9      | Reached XP level 11. HP: 93/93 MP: 11/11
  8562 | D:9      | Noticed a two-headed ogre
  8571 | D:9      | Killed a two-headed ogre
  9449 | D:10     | Entered Level 10 of the Dungeon
  9665 | D:10     | Found a glowing golden altar of the Shining One.
  9701 | D:10     | Found a staircase to the Orcish Mines.
  9917 | D:10     | Found a glowing silver altar of Zin.
  9918 | D:10     | Noticed Urug
  9930 | D:10     | Killed Urug
 10265 | D:10     | Noticed a fire crab
 10270 | D:10     | Killed a fire crab
 10455 | D:11     | Noticed a boulder beetle
 10462 | D:11     | Killed a boulder beetle
 10619 | D:11     | Noticed a boulder beetle
 10621 | D:11     | Noticed a white ugly thing
 10626 | D:11     | Killed a boulder beetle
 10627 | D:11     | Reached skill level 5 in Evocations
 10627 | D:11     | Reached XP level 12. HP: 105/105 MP: 12/12
 10640 | D:11     | Reached skill level 10 in Fighting
 10809 | D:11     | Identified the ring "Rul Tyaf" {+Blink rF- Dex+3 SInv}
 11006 | D:11     | Noticed Grum
 11014 | D:11     | Killed Grum
 11187 | D:11     | Found a portal to a secret trove of treasure.
 11504 | D:12     | Found Dupliz's Antique Weapon Shoppe.
 11512 | D:12     | Bought a bloodstained broad axe for 279 gold pieces
 11512 | D:12     | Identified the +6 broad axe of Gonnushra {venom, rCorr
                  | Str-3 Dex+4} (You bought it in a shop on level 12 of the
                  | Dungeon)
 11659 | D:12     | Reached ***** piety under Trog
 11675 | D:12     | Reached skill level 5 in Shields
 11791 | D:12     | Identified the +1 leather armour of the Weaver {Harm Will+
                  | Stlth+}
 12800 | Lair:1   | Found a runed translucent door.
 13234 | Lair:1   | Reached skill level 10 in Armour
 13234 | Lair:1   | Reached XP level 13. HP: 117/117 MP: 13/13
 14278 | Lair:1   | Identified the +7 scimitar "Eseuc" {antimagic, rN+}
 15046 | Lair:3   | Reached skill level 5 in Dodging
 15049 | Lair:3   | Identified the +4 chain mail of the Guild-Master {Stlth+}
 15241 | Lair:3   | Found a hole to the Spider Nest.
 16864 | Lair:2   | Received a gift from Trog
 16934 | Lair:2   | Reached XP level 14. HP: 129/129 MP: 14/14
 17271 | Lair:2   | Noticed Harold
 17276 | Lair:2   | Killed Harold
 17317 | Lair:2   | Found a staircase to the Swamp.
 17501 | Lair:4   | Noticed Sonja
 17517 | Lair:4   | Killed Sonja
 17593 | Lair:4   | Found a gate leading to a gauntlet.
 17602 | Gauntlet | Entered a Gauntlet
 17602 | Gauntlet | Found a transporter.
 17605 | Gauntlet | Found a transporter.
 17624 | Gauntlet | Found a transporter.
 17625 | Gauntlet | Found a transporter.
 17635 | Gauntlet | Found a transporter.
 17655 | Gauntlet | Found a transporter.
 17658 | Gauntlet | Found a transporter.
 17662 | Gauntlet | Found a transporter.
 17681 | Gauntlet | Found a large runed translucent door.
 17682 | Gauntlet | Found a large runed translucent door.
 17683 | Gauntlet | Found a large runed translucent door.
 17684 | Gauntlet | Found a runed translucent gate.
 17685 | Gauntlet | Found a transporter.
 17685 | Gauntlet | Found a runed translucent gate.
 17686 | Gauntlet | Found a large runed translucent door.
 17686 | Gauntlet | Found a runed translucent gate.
 17687 | Gauntlet | Found a large runed translucent door.
 17687 | Gauntlet | Found a large runed translucent door.
 17688 | Gauntlet | Found a large runed translucent door.
 17689 | Gauntlet | Found a large runed translucent door.
 17698 | Gauntlet | Found a large runed translucent door.
 17698 | Gauntlet | Found a large runed translucent door.
 17698 | Gauntlet | Found a runed translucent door.
 17698 | Gauntlet | Found a runed translucent door.
 17699 | Gauntlet | Found a large runed translucent door.
 17700 | Gauntlet | Found a large runed translucent door.
 17702 | Gauntlet | Found a transporter.
 17706 | Gauntlet | Found a transporter.
 17709 | Gauntlet | Found a large runed translucent door.
 17709 | Gauntlet | Found a large runed translucent door.
 17710 | Gauntlet | Noticed a quicksilver ooze
 17718 | Gauntlet | Found a transporter.
 17739 | Gauntlet | Found a large runed translucent door.
 17739 | Gauntlet | Found a large runed translucent door.
 17818 | Gauntlet | Killed a quicksilver ooze
 17864 | Gauntlet | Identified the ring of Wuumm {rC+ MP+9 Str+6}
 17868 | Gauntlet | Identified the +7 morningstar of Impermanence {venom, Fly
                  | Int+2 Dex+2}
 18013 | Gauntlet | Identified the +7 broad axe "Mitai" {holy, rF- Int+7}
 18024 | Gauntlet | Identified the amulet of Qiuphis {Reflect Str+2 SH+5}
 18248 | Lair:4   | Found a transporter.
 18438 | Lair:4   | You fall into a shaft and drop 1 floor!
 18438 | Lair:5   | Entered Level 5 of the Lair of Beasts
 18504 | Lair:5   | Found a staircase to the Slime Pits.
 18835 | Lair:4   | Noticed Snorg
 18845 | Lair:4   | Killed Snorg
 18848 | Lair:4   | Found a transporter.
 20442 | Lair:5   | Identified the amulet of Propriety {Faith Harm Slay+5}
 20800 | Lair:5   | Found a corrupted altar of Lugonu.
 20800 | Lair:5   | Found a one-way gate to the infinite horrors of the Abyss.
 21584 | Orc:1    | Entered Level 1 of the Orcish Mines
 21849 | Orc:2    | Entered Level 2 of the Orcish Mines
 21849 | Orc:2    | Noticed an orc warlord
 22069 | Orc:2    | Received a gift from Trog
 22070 | Orc:2    | Killed an orc warlord
 22182 | Orc:2    | Found a staircase to the Elven Halls.
 22297 | Orc:2    | Reached XP level 15. HP: 102/139 MP: 15/15
 22882 | Orc:2    | Found Gej Wosk's Jewellery Shop.
 22882 | Orc:2    | Found Waodgheta's Armour Boutique.
 22971 | Orc:2    | Found Gommuj's General Store.
 22971 | Orc:2    | Found Heushoeg's Antique Armour Boutique.
 23229 | D:2      | Bought 2 golden potions for 50 gold pieces
 23229 | D:2      | Bought a potion of curing for 84 gold pieces
 23229 | D:2      | Bought a potion of resistance for 280 gold pieces
 23497 | Orc:2    | Found a roughly hewn altar of Beogh.
 24062 | Orc:1    | Reached skill level 15 in Fighting
 25247 | D:13     | Found a gate to the Vaults.
 25340 | D:13     | Reached skill level 10 in Shields
 25346 | D:13     | Noticed Frances
 25363 | D:13     | Killed Frances
 26144 | D:14     | Found Eclyk's Jewellery Boutique.
 26281 | D:14     | Bought the ring "Obbunarph" {rC+ rN+ Will+} for 561 gold
                  | pieces
 26504 | D:14     | Found a sparkling altar of Nemelex Xobeh.
 26647 | D:14     | Received a gift from Trog
 26707 | D:14     | Gained mutation: You occasionally shout uncontrollably at
                  | your foes. [a neqoxec]
 26853 | D:14     | Identified the +1 rapier "Death Rattle" {venom, rPois
                  | Will+}
 26963 | D:14     | Found a burning altar of Makhleb.
 26963 | D:14     | Noticed a balrug
 26970 | D:14     | Killed a balrug
 27001 | D:14     | Found the +4 skin of Zhor {*Englaciate rC+++ SInv}
 27009 | D:14     | Identified the ring "Deav" {Wiz *Slow rC+ Int+2}
 27734 | D:15     | Entered Level 15 of the Dungeon
 28647 | D:14     | Identified the +8 demon blade of Duty {pain, rC+}
 28921 | D:15     | Reached skill level 15 in Armour
 28921 | D:15     | Reached XP level 16. HP: 86/151 MP: 16/16
 29580 | D:15     | Identified the +7 broad axe "Pocsok" {vorpal, Will+ SInv}
                  | (Trog gifted it to you on level 15 of the Dungeon)
 29580 | D:15     | Received a gift from Trog
 29947 | D:15     | Found a staircase to the Depths.
 31387 | Spider:1 | Entered Level 1 of the Spider Nest
 32433 | Spider:1 | Noticed Azrael
 32445 | Spider:1 | Killed Azrael
 33247 | Spider:1 | Identified Roxanne's Exposition on the Geologist
 33247 | Spider:1 | Noticed Roxanne
 33274 | Spider:1 | Killed Roxanne
 35079 | Spider:2 | Reached XP level 17. HP: 162/162 MP: 17/17
 35177 | Spider:2 | You fall into a shaft and drop 1 floor!
 35731 | Spider:3 | Received a gift from Trog
 36596 | Spider:4 | Entered Level 4 of the Spider Nest
 37854 | Spider:4 | Got a gossamer rune of Zot
 38198 | Swamp:1  | Entered Level 1 of the Swamp
 38527 | Swamp:1  | Noticed Louise
 38546 | Swamp:1  | Killed Louise
 38558 | Swamp:1  | Found a frozen archway.
 38565 | IceCv    | Entered an ice cave
 38569 | IceCv    | Reached ****** piety under Trog
 38585 | IceCv    | Found a transporter.
 38902 | IceCv    | Found a transporter.
 39194 | Swamp:1  | Noticed Nikola
 39215 | Swamp:1  | Killed Nikola
 39250 | Swamp:1  | Reached XP level 18. HP: 99/173 MP: 18/18
 43851 | Swamp:4  | Entered Level 4 of the Swamp
 43851 | Swamp:4  | Noticed Kirke
 43861 | Swamp:4  | Identified the +10 war axe of Asud {vorpal, Will- rCorr
                  | SInv} (Trog gifted it to you on level 4 of the Swamp)
 43861 | Swamp:4  | Received a gift from Trog
 43866 | Swamp:4  | Killed Kirke
 44315 | Swamp:4  | Identified the +7 dagger "Ymeurgh" {vorpal, rC+}
 44366 | Swamp:4  | Reached skill level 15 in Shields
 45380 | Swamp:4  | Gained mutation: You are clumsy. (Dex -2) [a neqoxec]
 45541 | Swamp:4  | Gained mutation: You are weak. (Str -2) [a neqoxec]
 45570 | Swamp:4  | Got a decaying rune of Zot
 46689 | Depths:1 | Entered Level 1 of the Depths
 47157 | Depths:1 | Received a gift from Trog
 47167 | Depths:1 | Found Leaddiy's Book Emporium.
 47168 | Depths:1 | Found Huewoc's Jewellery Shop.
 47169 | Depths:1 | Found Gismetty's Book Emporium.
 47576 | Depths:1 | Reached XP level 19. HP: 184/184 MP: 19/19
 47874 | Depths:1 | Found a gateway to Hell.
 48227 | Depths:1 | Found a one-way gateway to a ziggurat.
 48589 | Depths:1 | Found a glowing silver altar of Zin.
 49712 | Depths:2 | Paralysed by a floating eye for 3 turns
 49719 | Depths:2 | Paralysed by a floating eye for 4 turns
 50041 | Depths:2 | You are sucked into a shaft and drop 2 floors!
 50041 | Depths:4 | Entered Level 4 of the Depths
 50041 | Depths:4 | Noticed Saint Roka
 50353 | Depths:3 | Lost mutation: You are clumsy. (Dex -2) [potion of
                  | mutation]
 50353 | Depths:3 | Lost mutation: You are weak. (Str -2) [potion of mutation]
 50353 | Depths:3 | Lost mutation: You occasionally shout uncontrollably at
                  | your foes. [potion of mutation]
 50353 | Depths:3 | Gained mutation: You have a pair of small horns on your
                  | head. [potion of mutation]
 50353 | Depths:3 | Gained mutation: You do not regenerate when monsters are
                  | visible. [potion of mutation]
 50353 | Depths:3 | Gained mutation: You have hidden genetic potential. [potion
                  | of mutation]
 50354 | Depths:3 | Lost mutation: You do not regenerate when monsters are
                  | visible. [potion of mutation]
 50354 | Depths:3 | Lost mutation: You have hidden genetic potential. [potion
                  | of mutation]
 50354 | Depths:3 | Lost mutation: You have a pair of small horns on your head.
                  | [potion of mutation]
 50354 | Depths:3 | Gained mutation: You have large cloven feet. [potion of
                  | mutation]
 50493 | Depths:2 | Found a one-way gate leading to the halls of Pandemonium.
 50506 | Depths:2 | Noticed a juggernaut
 50524 | Depths:2 | Killed a juggernaut
 52335 | Depths:2 | Identified the +8 battleaxe "Ciocaruawn" {pain, +Blink rC+
                  | rN+ Will+++}
 53049 | Elf:1    | Entered Level 1 of the Elven Halls
 53049 | Elf:1    | Found a runed translucent gate.
 53049 | Elf:1    | Found a runed translucent gate.
 53049 | Elf:1    | Found a runed translucent gate.
 53049 | Elf:1    | Found a runed translucent gate.
 53049 | Elf:1    | Found a runed translucent gate.
 53049 | Elf:1    | Found a runed translucent gate.
 53050 | Elf:1    | Found a runed translucent door.
 53052 | Elf:1    | Found a runed translucent door.
 53170 | Elf:1    | Noticed Aizul
 53183 | Elf:1    | Killed Aizul
 53373 | Elf:1    | Paralysed by an air elemental for 1 turns
 53378 | Elf:1    | Paralysed by an air elemental for 1 turns
 53384 | Elf:1    | Paralysed by an air elemental for 1 turns
 53389 | Elf:1    | Reached XP level 20. HP: 198/198 MP: 20/20
 53626 | Elf:1    | Noticed Zenata
 53646 | Elf:1    | Killed Zenata
 53809 | Elf:1    | Paralysed by an air elemental for 1 turns
 54142 | Elf:1    | Paralysed by an air elemental for 1 turns
 54207 | Elf:1    | Received a gift from Trog
 54958 | Orc:2    | Bought a scroll of enchant weapon for 82 gold pieces
 54958 | Orc:2    | Bought a scroll of magic mapping for 82 gold pieces
 55566 | Elf:2    | Found a crumbling gateway.
 55596 | Desolati | Entered the Desolation of Salt
 55928 | Desolati | Identified the ring of Greater Demons {Str+4 Int+3 Slay+4}
 55970 | Desolati | Identified the +11 quarterstaff "Xafiptus" {vorpal, rPois
                  | MP+9 Dex+3}
 55974 | Desolati | Identified the +5 shortbow of Diupokh {flame, +Blink Fly
                  | rC+ Will+}
 55975 | Desolati | Identified the +3 ring mail of Haemog Zeup {-Tele Int+5}
 56594 | Desolati | Identified the +6 flail "Ruboir" {spect, Stlth+}
 56681 | Desolati | Identified the +6 great sword of Uteakum {freeze, rPois}
 56687 | Desolati | Identified the ring of Exhibitionism {Will+ Int+4 Stlth+}
 56696 | Desolati | Got Sif Muna's Secrets of the Excursion and Battle Magic
 56806 | Desolati | Received a gift from Trog
 57276 | Elf:2    | Found a runed translucent gate.
 57276 | Elf:2    | Found a runed translucent gate.
 57282 | Elf:2    | Found a runed translucent gate.
 57350 | Elf:2    | Paralysed by an air elemental for 1 turns
 57425 | Elf:3    | Entered Level 3 of the Elven Halls
 57578 | Elf:3    | Found Hybatyq's Magic Scroll Emporium.
 57612 | Elf:3    | Bought a scroll of enchant armour for 120 gold pieces
 57612 | Elf:3    | Bought a scroll of immolation for 64 gold pieces
 57951 | Elf:3    | Received a gift from Trog
 57995 | Elf:3    | Reached XP level 21. HP: 202/202 MP: 21/21
 58123 | Elf:3    | Identified the +7 dagger of Inta {vorpal, rPois rN+ Dex+3}
 58123 | Elf:3    | Identified the +5 mace of the Mosquito {freeze, rPois rC+
                  | rCorr Stlth+}
 58161 | Elf:3    | Gained mutation: You are somewhat resistant to further
                  | mutation. [a cacodemon]
 58455 | Elf:3    | Identified the ring "Tuddecza" {Will+ Dex+2}
 58455 | Elf:3    | Identified the +2 leather armour "Maxifa" {rF+}
 58456 | Elf:3    | Identified the +7 plate armour "Omixt" {rPois rF- Regen+
                  | Int+9}
 58839 | Elf:3    | Identified the +5 crystal plate armour of Gehenna {rN++
                  | rCorr Str+2 Int-3}
 58859 | Elf:3    | Identified the ring of the Mutiny {Fly Int+5 Dex-3}
 59007 | Elf:3    | Identified the +6 short sword of Conformity {venom, rPois}
 59031 | Elf:3    | Identified the +1 shortbow of the Moon {venom, rF++ rC-
                  | rN+}
 59067 | Elf:3    | Got the Compendium of Spelunking and Air
 59650 | Vaults:1 | Entered Level 1 of the Vaults
 60057 | Vaults:1 | Identified the +6 hand axe of Distraction {vorpal, rF++ rC+
                  | Dex-5} (Trog gifted it to you on level 1 of the Vaults)
 60057 | Vaults:1 | Received a gift from Trog
 60773 | Vaults:1 | Found the +8 trishula "Condemnation" {holy, anguish, *Noise
                  | Fly rN+}
 61095 | Vaults:1 | Found Angapa Astro's Weapon Boutique.
 61283 | Vaults:1 | Found Taume's Book Emporium.
 61305 | Vaults:1 | Found a runed translucent gate.
 61305 | Vaults:1 | Found a runed translucent gate.
 61343 | Vaults:1 | Found a runed translucent gate.
 61344 | Vaults:1 | Noticed Jingleheimer's ghost (adept DsGl)
 61344 | Vaults:1 | Noticed KittyFluff's ghost (adept GrBe)
 61370 | Vaults:1 | Identified the +1 glaive of Floral Honour {vorpal, Fly}
 61401 | Vaults:1 | Found Gathekku's General Store.
 61404 | Vaults:1 | Bought a potion of heal wounds for 65 gold pieces
 61404 | Vaults:1 | Bought a potion of magic for 104 gold pieces
 61404 | Vaults:1 | Bought a scroll of silence for 123 gold pieces
 61404 | Vaults:1 | Bought a scroll of summoning for 123 gold pieces
 61404 | Vaults:1 | Bought the +5 plate armour of Gallantry {rElec} for 806
                  | gold pieces
 61709 | Vaults:1 | Killed Jingleheimer's ghost
 61716 | Vaults:1 | Killed KittyFluff's ghost
 62102 | D:14     | Fell from the grace of Trog
 62102 | D:14     | Became a worshipper of Makhleb the Destroyer
 62365 | Vaults:2 | Noticed a bone dragon
 62376 | Vaults:2 | Killed a bone dragon
 62384 | Vaults:2 | Found a staircase to the Crypt.
 62682 | Vaults:2 | Found a roughly hewn altar of Beogh.
 62688 | Vaults:2 | Reached * piety under Makhleb
 62705 | Vaults:2 | Reached skill level 27 in Axes
 63277 | Vaults:2 | Found Uteu's Antique Armour Emporium.
 63305 | Vaults:2 | Reached ** piety under Makhleb
 63471 | Vaults:2 | Identified the +4 ring mail of Action {Fly rF- Dex+4}
 63575 | Vaults:2 | Reached XP level 22. HP: 221/221 MP: 18/22
 63681 | Vaults:2 | Learned a level 2 spell: Blink
 63688 | Vaults:2 | Learned a level 6 spell: Statue Form
 64659 | Vaults:3 | Noticed Bai Suzhen
 64745 | Vaults:3 | Killed Bai Suzhen
 65039 | Vaults:3 | Noticed Mennas
 65068 | Vaults:3 | Killed Mennas
 65935 | Vaults:3 | Reached *** piety under Makhleb
 67464 | Vaults:4 | Reached **** piety under Makhleb
 68657 | Vaults:4 | Reached ***** piety under Makhleb
 69177 | Vaults:5 | Entered Level 5 of the Vaults
 69177 | Vaults:5 | Noticed Mara
 69177 | Vaults:5 | Noticed Jory
 69179 | Vaults:5 | Noticed iamoutofideas's illusion
 69189 | Vaults:5 | Reached XP level 23. HP: 227/234 MP: 9/23
 69190 | Vaults:5 | Killed Jory
 69210 | Vaults:4 | Killed Mara
 69566 | Vaults:5 | Noticed a dread lich
 69583 | Vaults:5 | Killed a dread lich
 70081 | Vaults:5 | Noticed a golden dragon
 70095 | Vaults:5 | Killed a golden dragon
 70096 | Vaults:5 | Reached skill level 1 in Spellcasting
 70257 | Vaults:5 | Noticed an ancient lich
 70277 | Vaults:5 | Killed an ancient lich
 70307 | Vaults:5 | Identified the +8 bardiche "Impslayer" {vorpal, Int+3}
 70694 | Vaults:5 | Identified the +2 scale mail of Apathy {rElec rC++ Str-3
                  | Dex+2}
 70902 | Vaults:5 | Found Cemy's Distillery.
 70907 | Vaults:5 | Bought 2 potions of heal wounds for 200 gold pieces
 70907 | Vaults:5 | Bought a potion of magic for 160 gold pieces
 70907 | Vaults:5 | Bought a potion of lignification for 60 gold pieces
 70907 | Vaults:5 | Bought a potion of might for 80 gold pieces
 70907 | Vaults:5 | Bought 2 potions of mutation for 320 gold pieces
 70907 | Vaults:5 | Bought a potion of lignification for 60 gold pieces
 70907 | Vaults:5 | Bought a potion of haste for 200 gold pieces
 70928 | Vaults:5 | Found Imaetearchi's Magic Scroll Emporium.
 70933 | Vaults:5 | Bought a scroll of enchant weapon for 90 gold pieces
 70933 | Vaults:5 | Bought a scroll of enchant weapon for 90 gold pieces
 70933 | Vaults:5 | Bought a scroll of teleportation for 36 gold pieces
 70933 | Vaults:5 | Bought a scroll of immolation for 48 gold pieces
 71095 | Vaults:5 | Reached skill level 5 in Spellcasting
 71323 | Vaults:5 | Got a silver rune of Zot
 71618 | Vaults:5 | Reached skill level 1 in Translocations
 71620 | Vaults:5 | Noticed an ancient lich
 71629 | Vaults:5 | Killed an ancient lich
 71655 | Vaults:5 | Found Juejom's Jewellery Shop.
 71827 | Vaults:5 | Bought the ring of Fatigue {rF+ Str-2 Int+9} for 747 gold
                  | pieces
 71911 | Vaults:5 | Reached XP level 24. HP: 233/245 MP: 26/30
 71941 | Vaults:5 | Found Zikeqa's General Store.
 71948 | Vaults:5 | Found Lanemp's Distillery.
 71952 | Vaults:5 | Bought a potion of mutation for 112 gold pieces
 71952 | Vaults:5 | Bought a potion of lignification for 42 gold pieces
 71952 | Vaults:5 | Bought a potion of curing for 42 gold pieces
 71952 | Vaults:5 | Bought a potion of haste for 140 gold pieces
 71952 | Vaults:5 | Bought a potion of resistance for 140 gold pieces
 71952 | Vaults:5 | Bought a potion of lignification for 42 gold pieces
 71959 | Vaults:5 | Bought a scroll of immolation for 68 gold pieces
 72127 | Vaults:5 | Found Leocihi's Antique Armour Boutique.
 72457 | Vaults:5 | Found Foecem's Magic Scroll Shoppe.
 72457 | Vaults:5 | Found Pagic's Magic Scroll Boutique.
 72462 | Vaults:5 | Bought a scroll of acquirement for 832 gold pieces
 72462 | Vaults:5 | Bought a scroll of blinking for 120 gold pieces
 72469 | Vaults:5 | Bought a scroll of fear for 56 gold pieces
 72469 | Vaults:5 | Bought a scroll of enchant armour for 105 gold pieces
 72469 | Vaults:5 | Bought a scroll of teleportation for 42 gold pieces
 72505 | Vaults:5 | Found Toniol's Distillery.
 72505 | Vaults:5 | Found Axziump's Distillery.
 72510 | Vaults:5 | Bought a potion of heal wounds for 70 gold pieces
 72510 | Vaults:5 | Bought a potion of lignification for 42 gold pieces
 72510 | Vaults:5 | Bought a potion of resistance for 140 gold pieces
 72510 | Vaults:5 | Bought a potion of haste for 140 gold pieces
 72510 | Vaults:5 | Bought a potion of mutation for 112 gold pieces
 72510 | Vaults:5 | Bought a potion of lignification for 42 gold pieces
 72517 | Vaults:5 | Bought a potion of lignification for 48 gold pieces
 72517 | Vaults:5 | Bought a potion of heal wounds for 80 gold pieces
 72517 | Vaults:5 | Bought a potion of mutation for 128 gold pieces
 72517 | Vaults:5 | Bought a potion of lignification for 48 gold pieces
 72517 | Vaults:5 | Bought a potion of curing for 48 gold pieces
 72517 | Vaults:5 | Bought a potion of mutation for 128 gold pieces
 72517 | Vaults:5 | Bought a potion of heal wounds for 80 gold pieces
 72592 | Vaults:5 | Found Fumiycza's Book Shoppe.
 72609 | Vaults:5 | Identified the +2 dagger "Doitumme" {vorpal, rC+ rN+ Will-}
 72975 | D:15     | Acquired 1276 gold pieces
 73210 | Depths:3 | Reached skill level 5 in Translocations
 73737 | Depths:3 | Reached ****** piety under Makhleb
 73916 | Depths:3 | Found a gateway to a bazaar.
 73924 | Bazaar   | Entered a bazaar
 73952 | Bazaar   | Found Hukigie's Magic Scroll Shop.
 73959 | Bazaar   | Bought a scroll of blinking for 90 gold pieces
 73972 | Bazaar   | Found Ankoudalu's Weapon Boutique.
 73972 | Bazaar   | Found Raosuad's Jewellery Boutique.
 73998 | Bazaar   | Found Wowodwyu's Assorted Antiques.
 74038 | Bazaar   | Bought the ring "Aczirawn" {rElec rN+ MP-9 AC+4} for 576
                  | gold pieces
 74435 | Depths:4 | Reached skill level 1 in Earth Magic
 74551 | Depths:4 | Was forgiven by Trog
 74627 | Depths:4 | Noticed the Enchantress
 74628 | Depths:4 | Noticed a juggernaut
 74636 | Depths:4 | Noticed Vv
 74645 | Depths:4 | Killed the Enchantress
 74645 | Depths:4 | Killed a juggernaut
 74661 | Depths:4 | Identified the +10 shortbow of Vaumeiv {flame, rC- Will++
                  | Str+6}
 74677 | Depths:4 | Killed Vv
 74716 | Depths:4 | Killed Saint Roka
 74992 | Depths:4 | Found a gate to the Realm of Zot.
 75062 | Depths:4 | Found a one-way gate leading to the halls of Pandemonium.
 76024 | Slime:1  | Entered Level 1 of the Pits of Slime
 76385 | Slime:5  | Entered Level 5 of the Pits of Slime
 76443 | Slime:5  | Noticed the Royal Jelly
 76462 | Slime:5  | Killed the Royal Jelly
 76474 | Slime:5  | Reached XP level 25. HP: 202/255 MP: 0/32
 76515 | Slime:5  | Reached skill level 27 in Fighting
 76557 | Slime:5  | Got the Atlas of Frostbite and the Salvo
 76566 | Slime:5  | Identified the +1 plate armour "Soinaext" {rN+ Dex+4}
 76576 | Slime:5  | Got the Octavo of Guile
 76590 | Slime:5  | Got a slimy rune of Zot
 76601 | Slime:5  | Identified the +6 scale mail "Boiguveff" {Contam rCorr
                  | Str+2 Stlth+}
 76626 | Slime:5  | Got the Guidebook on Malediction and the Sky
 77124 | Depths:3 | Voluntarily entered the Abyss.
 77765 | Abyss:2  | Found a corrupted altar of Lugonu.
 78175 | Abyss:3  | Found a corrupted altar of Lugonu.
 78391 | Abyss:3  | Gained mutation: You occasionally lose the ability to drink
                  | potions when taking damage. [a neqoxec]
 78522 | Abyss:3  | Paralysed by accursed screaming for 1 turns
 78544 | Abyss:3  | Found a corrupted altar of Lugonu.
 78738 | Abyss:4  | Found a corrupted altar of Lugonu.
 78906 | Abyss:4  | Found a corrupted altar of Lugonu.
 79011 | Depths:3 | Escaped the Abyss
 79013 | Depths:3 | Voluntarily entered the Abyss.
 79017 | Abyss:4  | Noticed a dread lich
 79023 | Abyss:4  | Killed a dread lich
 79184 | Abyss:4  | Got an abyssal rune of Zot
 79190 | Depths:3 | Escaped the Abyss
 79191 | Depths:3 | Lost mutation: You have large cloven feet. [potion of
                  | mutation]
 79191 | Depths:3 | Lost mutation: You are somewhat resistant to further
                  | mutation. [potion of mutation]
 79191 | Depths:3 | Gained mutation: You have large cloven feet. [potion of
                  | mutation]
 79191 | Depths:3 | Gained mutation: Armour fits poorly on your strangely
                  | shaped body. [potion of mutation]
 79191 | Depths:3 | Gained mutation: Your movements are slightly less
                  | encumbered by armour. (ER -2) [potion of mutation]
 79192 | Depths:3 | Lost mutation: Armour fits poorly on your strangely shaped
                  | body. [potion of mutation]
 79192 | Depths:3 | Lost mutation: You have large cloven feet. [potion of
                  | mutation]
 79192 | Depths:3 | Lost mutation: You occasionally lose the ability to drink
                  | potions when taking damage. [potion of mutation]
 79192 | Depths:3 | Gained mutation: You are strong-willed. (Will+) [potion of
                  | mutation]
 79192 | Depths:3 | Gained mutation: You have large cloven feet. [potion of
                  | mutation]
 79492 | D:11     | You showed the abyssal rune of Zot to enter a treasure
                  | trove
 79493 | Trove    | Entered a treasure trove
 79498 | Trove    | Found the brooch of Shielding {Spirit SH+8}
 79501 | Trove    | Identified the amulet "Bimozurch" {Spirit rN+ Will+ Str+3}
 79506 | Trove    | Identified the +1 helmet of Lucidity {rC- Regen+ Int+2}
 79509 | Trove    | Identified the +1 cloak "Kekyp" {Str+3}
 79515 | Trove    | Identified the ring of Moderation {rF+ Str+5 Int+4}
 79520 | Trove    | Identified the +9 great mace "Woecsikh" {protect, rElec rC+
                  | Will+ Dex+2}
 80573 | Crypt:1  | Entered Level 1 of the Crypt
 80674 | Crypt:1  | Reached XP level 26. HP: 266/266 MP: 1/32
 80909 | Crypt:1  | Found a transporter.
 80925 | Crypt:1  | Noticed Esecs's ghost (veteran GrEE)
 80974 | Crypt:1  | Found a transporter.
 80991 | Crypt:1  | Killed Esecs's ghost
 81337 | Crypt:1  | Identified the ring of the Original Sin {rF+ rC- Slay+4
                  | SInv}
 82095 | Crypt:2  | Noticed Xtahua
 82106 | Crypt:2  | Killed Xtahua
 82991 | Crypt:2  | Noticed Sojobo
 83003 | Crypt:2  | Killed Sojobo
 83237 | Crypt:3  | Entered Level 3 of the Crypt
 83462 | Crypt:2  | Found a basalt altar of Yredelemnul.
 83513 | Crypt:3  | Identified the ring of Royalty {Ice rPois}
 83513 | Crypt:3  | Noticed Josephina
 83526 | Crypt:3  | Killed Josephina
 83553 | Crypt:3  | Reached skill level 27 in Shields
 83796 | Crypt:3  | Noticed an ancient lich
 83804 | Crypt:3  | Killed an ancient lich
 84236 | Crypt:3  | Found a staircase to the Tomb.
 84730 | Crypt:3  | Found an ancient bone altar of Kikubaaqudgha.
 84733 | Crypt:3  | Found a basalt altar of Yredelemnul.
 84845 | Crypt:3  | Found the +4 dagger "Morg" {pain, Will+ Int+5}
 85438 | Vaults:1 | Bought the +10 broad axe "Bucobb" {vorpal, rElec rF+++
                  | Str-5 Dex+2} for 1875 gold pieces
 85679 | Hell     | Entered the Vestibule of Hell
 85679 | Hell     | Noticed Geryon
 85733 | Hell     | Reached XP level 27. HP: 273/273 MP: 0/32
 85769 | Hell     | Killed Geryon
 86121 | Hell     | Found a gateway to the ashen valley of Gehenna.
 86558 | Hell     | Found a gateway to the decaying netherworld of Tartarus.
 86998 | Abyss:4  | Cast into level 4 of the Abyss (reaper)
 87038 | Abyss:4  | Found an opulent altar of Gozag.
 87057 | Abyss:4  | Gained mutation: You have hidden genetic defects. [a
                  | neqoxec]
 87315 | Hell     | Escaped the Abyss
 87495 | Hell     | Found a gateway to the Iron City of Dis.
 87552 | Hell     | Found a gateway to the freezing wastes of Cocytus.
 88354 | D:15     | Upgraded the game from 0.29.1-4-g47bece8355 to
                  | 0.29.1-13-g9f3cf754e1
 88449 | Dis:1    | Entered Level 1 of the Iron City of Dis
 88534 | Dis:1    | Noticed a dread lich
 88534 | Dis:1    | Noticed an ancient lich
 88534 | Dis:1    | Noticed a dread lich
 88535 | Dis:1    | Noticed an ancient lich
 88535 | Dis:1    | Noticed a dread lich
 88535 | Dis:1    | Noticed a dread lich
 88544 | Dis:1    | Noticed a dread lich
 88548 | Dis:1    | Killed a dread lich
 88549 | Dis:1    | Reached skill level 27 in Armour
 88554 | Dis:1    | Killed a dread lich
 88557 | Dis:1    | Killed a dread lich
 88564 | Dis:1    | Killed an ancient lich
 88570 | Dis:1    | Killed an ancient lich
 88575 | Dis:1    | Killed a dread lich
 88576 | Dis:1    | Reached skill level 1 in Invocations
 88577 | Dis:1    | Killed a dread lich
 88582 | Dis:1    | Gained mutation: Armour fits poorly on your strangely
                  | shaped body. [hidden defects]
 88592 | Dis:1    | Lost mutation: You are strong-willed. (Will+) [potion of
                  | mutation]
 88592 | Dis:1    | Lost mutation: You have hidden genetic defects. [potion of
                  | mutation]
 88592 | Dis:1    | Lost mutation: You have large cloven feet. [potion of
                  | mutation]
 88593 | Dis:1    | Lost mutation: Armour fits poorly on your strangely shaped
                  | body. [potion of mutation]
 88593 | Dis:1    | Lost mutation: Your movements are slightly less encumbered
                  | by armour. (ER -2) [potion of mutation]
 88593 | Dis:1    | Gained mutation: You possess an exceptional clarity of
                  | mind. [potion of mutation]
 88593 | Dis:1    | Gained mutation: You are clumsy. (Dex -2) [potion of
                  | mutation]
 88593 | Dis:1    | Gained mutation: You are partially covered in iridescent
                  | scales. (AC +2) [potion of mutation]
 88593 | Dis:1    | Gained mutation: Your mind is acute. (Int +4, Str/Dex -1)
                  | [potion of mutation]
 89291 | Hell     | Learned a level 5 spell: Lee's Rapid Deconstruction
 89992 | Pan      | Entered Pandemonium
 90013 | Pan      | Gained mutation: You are frail. (-10% HP) [a cacodemon]
 90401 | Pan      | Found an exit through the horrors of the Abyss.
 90443 | Pan      | Reached skill level 10 in Dodging
 90445 | Pan      | Reached skill level 1 in Throwing
 90653 | Pan      | Killed from afar by a Hell Sentinel

Illustrated notes

Levels and vault maps discovered:
D:1:      minmay_arrival_wavy_path, layout_basic
D:2:      layout_basic, serial_shops, shop, shapermc_ecumenical_altar_acropolis,
          uniq_sigmund, uniq_crazy_yiuf_cottage
D:3:      layout_basic, worldfamousw_hep_ancestral_shrine,
          cheibrodos_sewer_entry_drain, serial_shops, nicolae_shop_hallway_plus,
          kennysheep_generic_room_5
D:4:      layout_basic, kennysheep_mini, mainiacjoe_overflow_small_starburst
D:5:      layout_rooms, mainiacjoe_overflow_surrounded_room,
          mainiacjoe_overflow_six_doors_small,
          minmay_temple_entry_enclosed_plants, uniq_ijyb, uniq_eustachio,
          uniq_blork_the_orc
D:6:      layout_rooms, ebering_ghost_rock_garden, hangedman_decor_peaks_small,
          serial_park_tiny_pond, serial_bayou_pond_a
D:7:      layout_loops_ring, lemuel_mausoleum_altar_yredelemnul,
          vehumet_crystals, nicolae_overflow_hidden_temple,
          nicolae_benzene_ring, uniq_joseph
D:8:      layout_gridville, grunt_temple_overflow_champion_of_chaos,
          general_overflow_altar, grunt_temple_overflow_open, dpeg_oklobed_lair,
          uniq_maggie, uniq_maurice
D:9:      layout_basic, the_hattery
D:10:     layout_loops_ring, lemuel_tele_altar, nicolae_overflow_crystal_walls,
          minmay_splitting_lines, minmay_microvault, uniq_urug
D:11:     layout_loops_ring, nicolae_trove_entry_crossroad, minmay_diced_spiral,
          uniq_grum
D:12:     layout_long_grid, serial_shops, shop
D:13:     layout_roguey, grunt_vaults_entry_fortified, minivault_22,
          uniq_frances
D:14:     evilmike_makhleb_hellhole, layout_basic, serial_shops,
          nicolae_stop_n_shop_2, glass_columns_c, nemelex_spade_bored_becter
D:15:     gammafunk_enter_depths_forms, layout_basic, serial_undead,
          serial_undead_f, serial_undead_e, serial_undead_f, serial_undead_f
Temple:   nicolae_temple_little_seven
Lair:1:   gammafunk_lair_enchanted_lake, layout_loops_ring, beast_lair_carwin_10
Lair:2:   layout_regular_city, palyth_hydra_swamp_entry, serial_bayou_shore_b,
          uniq_harold
Lair:3:   layout_gridlike, spider_nest_entry_rubble,
          hangedman_lair_generics_rect, grunt_megastairs_3, serial_bayou_shore_a
Lair:4:   gammafunk_worm_tunnel, layout_loops_ring, gauntlet_entry_generic,
          grunt_megastairs_5, uniq_sonja, uniq_snorg
Lair:5:   hellmonk_lair_end_abyssal_woods, layout_misc_corridors, slime_entry_1,
          hibernation_bobbens, infiniplex_staircase_pool_2
Swamp:1:  layout_basic_swamp, portal_ice_cave_entry_pillars_four,
          evilmike_swamp_ruin_rubble_1, uniq_nikola, uniq_louise
Swamp:2:  layout_basic_swamp, evilmike_swamp_ruin_house_3,
          infiniplex_staircase_pool
Swamp:3:  layout_basic_swamp, evilmike_swamp_ruin_house_1
Swamp:4:  nzn_swamp_witches_coven, layout_basic_swamp, swamp_pool1,
          nicolae_swamp_drake_lake, uniq_kirke
Spider:1: layout_cave_pods, uniq_azrael, uniq_roxanne
Spider:2: layout_spider_delve, nicolae_spider_undead_wolf_pack
Spider:3: layout_spider_delve
Spider:4: hellmonk_spider_rune_bug_friends
Slime:1:  layout_caves
Slime:2:  layout_caves
Slime:3:  cheibrodos_slime_lost_civilization_3, layout_caves,
          amcnicky_altar_lugonu_corruption
Slime:4:  layout_caves
Slime:5
Orc:1:    layout_diamond_mine
Orc:2:    st_orc_mages, layout_caves, basic_altar
Elf:1:    nicolae_elf_arrival_dilemma, layout_loops_cross, evilmike_minifort,
          uniq_aizul, uniq_zenata
Elf:2:    nicolae_elf_blades_splatter_lattice
          [nicolae_vaults_blade_armed_guards], layout_rooms,
          portal_desolation_entry_twin_temple, minivault_4, drop_trap
Elf:3:    grunt_elf_hall_diamonds, layout_geoelf_grid, serial_shops,
          shop_scrolls
Vaults:1: gammafunk_ghost_cemetery, nicolae_vaults_little_squares_6,
          ontoclasm_vaults_bender, nicolae_vaults_arrows,
          grunt_vaults_hallway_long, nicolae_vaults_what_the_h,
          nicolae_vaults_quartermaster, layout_vaults_omnibox, serial_shops,
          nicolae_shop_crystal, nicolae_shop_temple_entry_statues_fountains,
          nicolae_shop_behind_doors
Vaults:2: minmay_crypt_entry_nasty_monster, vaults_room_pool,
          special_room_vaults [special_room_orc], v_pattern_3,
          hangedman_vaults_unwind, ontoclasm_vaults_chip,
          vaults_dpeg_encased_lava, layout_vaults_omnigrid, serial_shops, shop
Vaults:3: nicolae_vaults_disjoint_gnomons, v_misc_13, grunt_vaults_funnel,
          vaults_standard_mumra_x, hangedman_vaults_stagger,
          nicolae_vaults_halls_meeting, v_misc_25, nicolae_vaults_triangles,
          nicolae_vaults_network_square, vaults_dpeg_ring, grunt_vaults_focal,
          nicolae_vaults_little_squares_4, layout_vaults_ring, uniq_mennas,
          uniq_bai_suzhen
Vaults:4: ontoclasm_vaults_shuriken, v_misc_8, v_misc_30, vaults_mumra_hexcomb,
          hangedman_vaults_restitches, vaults_room_semicircle,
          nicolae_vaults_disjoint_gnomons, vaults_mumra_hex,
          nicolae_vaults_little_squares_4, v_misc_14,
          ontoclasm_vaults_misaligned, hangedman_vaults_river_flow,
          v_alt_pattern_3, v_misc_8, vaults_room_pool, layout_vaults_omnicross,
          uniq_margery
Vaults:5: uniq_mara, uniq_jory
Crypt:1:  layout_chaotic_city, gammafunk_ghost_mausoleum, grunt_megastairs_2,
          uniq_grunn
Crypt:2:  layout_chaotic_city, minmay_misc_feat_ornament, grunt_ministairs_9,
          lemuel_upstairs_altar, uniq_xtahua, uniq_sojobo
Crypt:3:  lightli_unholy_cathedral, layout_chaotic_city,
          nicolae_tomb_entry_rubble_hallway, uniq_josephina
Depths:1: layout_gridlike, enter_ziggurat_d, hangedman_coc_ice_floe,
          ebering_dispersal_statue_hall, chequers_serial_rivers_micro_a,
          nicolae_concentric_dashed_squares_wild, grunt_decor_resistance,
          chequers_decorated_corner, zin_statuary, minmay_shop_grove
Depths:2: nzn_winding_woodlands_large [nzn_winding_woodlands_hourglass,
          nzn_winding_woodlands_5x15_split_checker,
          nzn_winding_woodlands_5x5_checkerboard,
          nzn_winding_woodlands_center_lodge,
          nzn_winding_woodlands_15x15_thick_spiral,
          nzn_winding_woodlands_center_triple_pond,
          nzn_winding_woodlands_5x5_default, nzn_winding_woodlands_5x15_jagged,
          nzn_winding_woodlands_5x5_open_star], layout_gridlike,
          hangedman_abyss_or_decor_clamps, hell_entry, pan_entry,
          hangedman_decor_riveting
Depths:3: minmay_connected_triangles_in_corner, layout_basic,
          minmay_room_of_horrors, hell_entry, serial_shops, statue_bzr,
          infiniplex_staircase_spiral_double
Depths:4: grunt_zot_entry_alcove, layout_cave_pools, rand_demon_pan_entry_7,
          hell_entry, serial_bayou_shore_b, uniq_vv, uniq_saint_roka,
          uniq_enchantress
Hell
Dis:1:    layout_subdivisions, nicolae_hells_leichenhalle
Dis:2:    layout_gridville, nicolae_dis_strange_trophy_room
Pan:      evilmike_mini_pan_3x3, layout_gridlike, pan_blood_fountain_small

Skill      XL: |  1  2  3  4  5  6  7  8  9 10 11 12 13 14 15 16 17 18 19 20 21 22 23 24 25 26 27 |
---------------+----------------------------------------------------------------------------------+-----
Axes           | 5 8 9 12 14 16 17 18 19 20 21 22 23 24 25 26 27 | 27.0
Fighting       | 4 6 7 9 11 13 14 16 17 18 19 21 22 23 25 26 27 | 27.0
Dodging        | 2 4 5 6 7 10 | 10.3
Armour         | 3 5 8 10 12 13 15 16 17 18 19 20 21 22 25 27 | 27.0
Evocations     | 2 5 |  5.0
Shields        | 3 4 5 7 9 10 12 14 15 16 17 18 20 21 22 25 27 | 27.0
Spellcasting   | 5 6 |  6.0
Translocations | 4 6 |  6.9
Earth Magic    | 1 |  1.4
Invocations    | 1 |  1.7
Throwing       | 1 |  1.2
Long Blades    | |  0.3
Staves         | |  0.8
Ranged Weapons | |  0.6
Transmutations | |  0.7

Action                   |  1- 3 |  4- 6 |  7- 9 | 10-12 | 13-15 | 16-18 | 19-21 | 22-24 | 25-27 || total
-------------------------+-------+-------+-------+-------+-------+-------+-------+-------+-------++-------
Melee: Hand axe          |    71 |   106 |   178 |       |       |     7 |       |       |       ||   362
       War axe           |       |       |    74 |   350 |   754 |   666 |   520 |       |       ||  2364
       Punch             |       |       |     2 |     2 |       |       |       |       |       ||     4
       Scimitar          |       |       |       |       |    84 |    30 |       |       |       ||   114
       Broad axe         |       |       |       |       |       |   515 |   889 |  1464 |  1890 ||  4758
Invok: Berserk           |     2 |     3 |    12 |     7 |    21 |    12 |    15 |       |       ||    72
       Trog's Hand       |       |       |     3 |       |     3 |     6 |    31 |       |       ||    43
       Brothers in Arms  |       |       |       |       |     1 |     2 |    15 |       |       ||    18
Evoke: Wand              |       |       |       |       |       |       |     4 |       |     7 ||    11
       Phantom mirror    |       |       |       |       |       |       |     1 |     2 |       ||     3
       Horn of Geryon    |       |       |       |       |       |       |       |       |     1 ||     1
  Use: Scroll            |       |     8 |     2 |    15 |    16 |    11 |    26 |    10 |     8 ||    96
       Potion            |       |       |     1 |       |     1 |     4 |    14 |    13 |    19 ||    52
 Stab: Sleeping          |       |     1 |       |       |       |       |       |       |       ||     1
       Distracted        |       |       |       |       |       |     1 |       |     1 |     1 ||     3
       Invisible         |       |       |       |       |       |       |     1 |       |     1 ||     2
Armor: Animal skin       |     9 |     4 |       |       |       |       |       |       |       ||    13
       Scale mail        |       |    36 |   170 |    45 |       |       |       |       |       ||   251
       Plate armour      |       |       |       |    57 |   404 |   687 |   528 |       |       ||  1676
       Crystal plate arm |       |       |       |       |       |       |   200 |  1176 |  1362 ||  2738
       Skin              |       |       |       |       |       |       |       |     8 |       ||     8
Dodge: Dodged            |    41 |    48 |   177 |    78 |   230 |   381 |   373 |   459 |   615 ||  2402
Block: Other             |       |       |       |     8 |       |       |       |       |       ||     8
       Buckler           |       |       |       |    66 |   439 |   844 |   878 |  1121 |  1126 ||  4474
       Reflection        |       |       |       |     5 |    13 |    19 |    71 |    23 |    11 ||   142
